 Dungeon Crawl Stone Soup version 0.30-a0-137-gd8773701ce (webtiles) character file.

Game seed: 3648486587851750878

60 Dreamer the Changer (level 4, -7/28 HPs)
             Began as an Octopode Transmuter on Sept 23, 2022.
             Killed from afar by Sigmund (11 damage)
             ... with a puff of flame
             ... on level 3 of the Dungeon.
             The game lasted 00:03:55 (1678 turns).

Dreamer the Changer (Octopode Transmuter)           Turns: 1678, Time: 00:03:55

Health: -7/28      AC:  1    Str:  9    XL:     4   Next: 4%
Magic:  7/7        EV: 13    Int: 17    God:
Gold:   64         SH:  0    Dex: 12    Spells: 6/7 levels left

rFire   . . .      SeeInvis .    f - +2 dagger (elec)
rCold   . . .      Faith    .    (no shield)
rNeg    . . .      Spirit   .    (helmet restricted)
rPois   .          Reflect  .    (no amulet)
rElec   .          Harm     .    (no ring)
rCorr   .          Rampage  .    (no ring)
Will    .....                    (no ring)
Stlth   ++........               (no ring)
HPRegen 0.09/turn                (no ring)
MPRegen 0.10/turn                (no ring)
                                 (no ring)
                                 (no ring)

@: no status effects
A: almost no armour, amphibious, 8 rings, camouflage 1, gelatinous body 1,
(nimble swimmer 1), tentacles
a: no special abilities


You were on level 3 of the Dungeon.
You visited 1 branch of the dungeon, and saw 4 of its levels.

You collected 64 gold pieces.

Inventory:

Hand Weapons
 f - a +2 dagger of electrocution (weapon)
 h - a +0 spear of flaming
Scrolls
 b - a scroll of blinking {unknown}
 e - a scroll of identify {unknown}
 i - 2 scrolls of torment {unknown}
Potions
 a - 2 potions of lignification
 c - a potion of degeneration {unknown}
 d - a potion of curing {unknown}
 g - a potion of might {unknown}


   Skills:
 - Level 1.0 Fighting
 - Level 2.0 Dodging
 - Level 3.0 Unarmed Combat
 - Level 2.0 Spellcasting
 * Level 3.6 Transmutations
 + Level 1.7 Ice Magic


You had 6 spell levels left.
You knew the following spells:

 Your Spells              Type           Power      Damage    Failure   Level
a - Beastly Appendage     Tmut           28%        N/A       4%          1

Your spell library contained the following spells:

 Spells                   Type           Power      Damage    Failure   Level
 Wereblood                Tmut           14%        N/A       7%          2
 Spider Form              Tmut/Pois      7%         N/A       28%         3
 Confusing Touch          Hex            1%         N/A       50%         3
 Ice Form                 Ice/Tmut       10%        N/A       54%         4
 Yara's Violent Unravell  Hex/Tmut       3%         3d4       95%         5
 Enfeeble                 Hex            0%         N/A       100%        7


Dungeon Overview and Level Annotations

Branches:
Dungeon (4/15)
 Temple: D:4-7

Altars:
Hepliaklqana
Qazlal

Annotations:
D:3 Sigmund


Innate Abilities, Weirdness & Mutations

You cannot wear most types of armour.
You are amphibious.
You can wear up to eight rings at the same time.
Your skin changes colour to match your surroundings (Stealth+).
Your rubbery body absorbs attacks. (AC +1, EV +1)
((You are camouflaged when in or above water. (Stealth+)))
You have tentacles for arms and can constrict up to eight enemies at once.


Message History

You hit the adder. You grab the adder.
The adder is severely wounded.
You constrict the adder, but do no damage.
The adder barely misses you.
You hit the adder. Lightning courses through the adder!
You kill the adder!
You have reached level 4!
You now have 64 gold pieces (gained 15).
You open the door.
Sigmund and a goblin come into view.
Found 12 gold pieces.
Found 12 gold pieces.
There is an open door here.
Sigmund shouts!
There's a creature in the doorway!
You hit the goblin. Lightning courses through the goblin!
You kill the goblin!
Press: ? - help, v - describe, . - travel, g - get item Item here: a +3 dagger.
An open door.
Sigmund looks at you with fury. Sigmund gestures at you while chanting.
The magic dart hits you. Sigmund gestures at you while chanting.
You resist with some effort.
Sigmund points at you and mumbles some strange words.
You are confused.
Sigmund gestures at you while chanting. The magic dart hits you.
You bump into the rock wall.
Sigmund points at you and mumbles some strange words.
The magic dart hits you!
You bump into the rock wall.
You feel less confused.
Sigmund points at you and mumbles some strange words.
The puff of flame hits you!
* * * LOW HITPOINT WARNING * * *
Sigmund casts a spell at you. The puff of flame hits you!
You die...

#.......# #.#.#..PP#.#...#
#.....# #.._#.#.....PP.#
#...# #...#..PP§§P..§.# #)#
#..##.#.#.§P....# #.#
#.(.)).#P....P..# ####.##
##.##.#P......... #.....#
#.##....P.#.PP
#.#...###########.##...#.#...
##..........@...@..##########
.#.....############# ......##
.###### #


You could see Sigmund.

Vanquished Creatures
  2 adders
  A dart slug (D:1)
  6 endoplasms
  6 goblins
  4 hobgoblins
  A quokka (D:1)
  4 bats (D:1)
  2 frilled lizards (D:1)
  5 kobolds
  7 rats
38 creatures vanquished.

Notes
Turn   | Place    | Note
-------+----------+-------------------------------------------
     0 | D:1      | Dreamer the Octopode Transmuter began the quest for the
                  | Orb.
     0 | D:1      | Reached XP level 1. HP: 13/13 MP: 3/3
   222 | D:1      | Reached XP level 2. HP: 18/18 MP: 5/5
   481 | D:1      | Reached skill level 1 in Ice Magic
   706 | D:1      | Reached XP level 3. HP: 18/23 MP: 6/6
   812 | D:1      | Found a faded altar of an unknown god.
  1431 | D:2      | You fall into a shaft and drop 2 floors!
  1600 | D:3      | Found a hazy altar of Hepliaklqana.
  1623 | D:3      | Found a stormy altar of Qazlal.
  1646 | D:3      | Reached XP level 4. HP: 28/28 MP: 7/7
  1656 | D:3      | Noticed Sigmund
  1678 | D:3      | Killed from afar by Sigmund

Illustrated notes

Levels and vault maps discovered:
D:1:      lemuel_arrival_rhombus, layout_basic, basic_ecumenical_altar
D:2:      wad_crossroads, layout_basic
D:3:      layout_loops_corners, overflow_temple_1_default,
          nicolae_ashenzari_panopticon, nicolae_hepliaklqana_hazy_memory,
          cheibrodos_sewer_entry_bend, uniq_jessica, uniq_robin, uniq_sigmund
D:4:      layout_basic, kiku_gazebo_garden_becter,
          minmay_temple_entry_sparse_star

Skill      XL: |  1  2 |
---------------+-------+-----
Ice Magic      | 1 |  1.7
Transmutations | 3 |  3.6
Fighting       | |  1.0
Dodging        | |  2.0
Unarmed Combat | |  3.0
Spellcasting   | |  2.0

Action                   |  1- 3 |  4- 6 || total
-------------------------+-------+-------++-------
Melee: Short sword       |    44 |       ||    44
       Constrict         |    21 |       ||    21
       Tentacles         |    15 |       ||    15
       Unarmed           |     2 |       ||     2
       Punch             |     5 |       ||     5
       Dagger            |    30 |     1 ||    31
 Stab: Sleeping          |     9 |       ||     9
Armor: Skin              |     3 |       ||     3
Dodge: Dodged            |    46 |       ||    46

Table legend: (Time is in decaauts)
 A = Elapsed time spent in this place.
 B = Non-inter-level travel time spent in this place.
 C = Inter-level travel time spent in this place.
 D = Time resting spent in this place.
 E = Time spent auto-exploring this place.
 F = Levels seen in this place.
 G = Mean time per level.
                   A        B        C        D        E       F      G
               +--------+--------+--------+--------+--------+-----+--------+
         Total |   1677 |   1659 |     18 |     85 |   1128 |   4 |  419.2 |
       Dungeon |   1677 |   1659 |     18 |     85 |   1128 |   4 |  419.2 |
               +--------+--------+--------+--------+--------+-----+--------+

Top non-repeatable levels by time:
     D:1: 1282 daAuts
     D:3: 186 daAuts
     D:2: 147 daAuts
     D:4: 61 daAuts
